 Dungeon Crawl Stone Soup version 0.28-a0-500-g121bc3e445 (webtiles) character file.

Game seed: 794172528859939247

18073 porpoise the Thaumaturge (level 12, -11/68 HPs)
             Began as a Deep Elf Conjurer on Sept 20, 2021.
             Was a Believer of Vehumet.
             Killed by the air
             ... invoked by Gastronok
              (29 damage)
             ... on level 2 of the Lair of Beasts.
             The game lasted 00:55:43 (15363 turns).

porpoise the Thaumaturge (Deep Elf Conjurer)       Turns: 15363, Time: 00:55:43

Health: -11/68     AC: 10    Str:  5    XL:     12   Next: 24%
Magic:  11/40      EV: 15    Int: 28    God:    Vehumet [**....]
Gold:   897        SH:  6    Dex: 13    Spells: 27/38 levels left

rFire   . . .      SeeInvis .   b - +0 hunting sling
rCold   + . .      Faith    .   s - +1 buckler
rNeg    . . .      Spirit   .   Q - +1 robe {rC+}
rPois   .          Reflect  .   (no helmet)
rElec   .          Harm     .   D - +0 cloak
rCorr   .          Rampage  .   i - +0 pair of gloves
Will    +....                   l - +0 pair of boots
Stlth   +++.......              (no amulet)
HPRegen 0.21/turn               S - ring of magical power
MPRegen 0.27/turn               K - +4 ring of protection

@: no status effects
A: no striking features
a: Renounce Religion


You were on level 2 of the Lair of Beasts.
You worshipped Vehumet.
Vehumet was pleased with you.
You visited 3 branches of the dungeon, and saw 13 of its levels.

You collected 897 gold pieces.

Inventory:

Hand Weapons
 b - a +0 hunting sling (weapon)
Missiles
 f - a throwing net
 y - 21 sling bullets (quivered ammo)
Armour
 i - a +0 pair of gloves (worn)
 l - a +0 pair of boots (worn)
 s - a +1 buckler (worn)
 D - a +0 cloak (worn)
 Q - a +1 robe of cold resistance (worn)
Magical Staves
 a - a staff of conjuration
Jewellery
 u - a ring of willpower
 K - a +4 ring of protection (right hand)
 S - a ring of magical power (left hand)
Wands
 c - a wand of digging (3)
 A - a wand of acid (4)
 F - a wand of paralysis (4)
Scrolls
 n - a scroll of teleportation
 C - 2 scrolls of fog
 E - a scroll of amnesia {unknown}
 P - a scroll of magic mapping {unknown}
 R - a scroll of fear {unknown}
 Y - a scroll of torment {unknown}
Potions
 h - 5 potions of curing
 j - a potion of invisibility
 p - a potion of haste
 q - a potion of cancellation
 t - 3 potions of heal wounds
 w - a potion of magic
 H - 2 potions of lignification


   Skills:
 - Level 5.0 Fighting
 - Level 7.0 Dodging
 - Level 7.0 Stealth
 - Level 4.0 Shields
 + Level 13.6 Spellcasting
 - Level 9.0 Conjurations
 - Level 9.0 Hexes
 - Level 9.0 Translocations
 - Level 5.0 Evocations


You had 27 spell levels left.
You knew the following spells:

 Your Spells              Type           Power      Damage    Failure   Level
a - Magic Dart            Conj           100%       1d8       1%          1
b - Searing Ray           Conj           100%       2d8       1%          2
c - Fulminant Prism       Conj/Hex       31%        3d16      1%          4
d - Iskenderun's Mystic   Conj/Tloc      62%        2d13      1%          4

Your spell library contained the following spells:

 Spells                   Type           Power      Damage    Failure   Level
 Stone Arrow              Conj/Erth      88%        3d12      1%          3
 Apportation              Tloc           100%       N/A       1%          1
 Dazzling Flash           Conj/Hex       100%       N/A       1%          3
 Inner Flame              Hex/Fire       44%        N/A       1%          3
 Portal Projectile        Hex/Tloc       100%       N/A       1%          3
 Cause Fear               Hex            31%        N/A       1%          4
 Animate Skeleton         Necr           38%        N/A       2%          1
 Summon Small Mammal      Summ           76%        N/A       2%          1
 Leda's Liquefaction      Hex/Erth       22%        N/A       4%          4
 Call Canine Familiar     Summ           19%        N/A       9%          3
 Silence                  Hex/Air        22%        N/A       12%         5
 Agony                    Necr           19%        N/A       61%         5
 Discord                  Hex            31%        N/A       99%         8


Dungeon Overview and Level Annotations

Branches:
Dungeon (10/15)            Temple (1/1) D:6            Lair (2/6) D:8
    Orc (0/2) D:10
  Swamp: Lair:2-4    Shoals: Lair:2-4     Snake: Lair:2-4    Spider: Lair:2-4

Altars:
Ashenzari
Cheibriados
Dithmenos
Elyvilon
Fedhas
Gozag
Hepliaklqana
Kikubaaqudgha
Makhleb
Nemelex Xobeh
Okawaru
Qazlal
Ru
Sif Muna
Trog
Uskayaw
Vehumet
Wu Jian
Xom
Yredelemnul
Zin
The Shining One

Shops:
D:4 *   D:9 (

Annotations:
Lair:2 Gastronok


Message History

The searing ray hits the cane toad.
The cane toad is severely wounded.
You finish channelling your searing ray.
You feel very sick. The wolf closely misses you. The cane toad stings you.
* * * LOW HITPOINT WARNING * * *
You are lethally poisoned!
The cane toad poisons you!
You feel better.
You block the wolf's attack. x2; The cane toad stings you!
* * * LOW HITPOINT WARNING * * *
Gastronok gurgles horribly!
Casting: Searing Ray (safe; 1% risk of failure)
Confirm with . or Enter, or press ? or * to list all spells.
You erupt in a blast of force!
The mystic blast hits the wolf but does no damage.
The mystic blast hits the cane toad!!
You kill the cane toad!
Vehumet accepts your kill. You block the wolf's attack. The wolf bites you.
* * * LOW HITPOINT WARNING * * *
Casting: Iskenderun's Mystic Blast (dangerous; 1% risk of failure)
Confirm with . or Enter, or press ? or * to list all spells.
You erupt in a blast of force!
The mystic blast hits the wolf!!
The wolf is severely wounded.
The wolf is knocked back by the mystic blast.
The wolf slams into the rock wall!
You block the wolf's attack.
Gastronok chants a spell, wobbling all the while.
Gastronok puts on a burst of speed!
You block the wolf's attack.
Casting: Iskenderun's Mystic Blast (dangerous; 1% risk of failure)
Confirm with . or Enter, or press ? or * to list all spells.
You erupt in a blast of force!
The mystic blast hits the wolf!!
You kill the wolf!
Vehumet accepts your kill.
Vehumet offers you knowledge of Stone Arrow.
You feel your power returning.
Gastronok sloshes about.
Gastronok waves his eye-stalks in wide circles.
The air twists around and strikes you!!
You die...

## ###
###.#####.####
#..<@....w...#
#.(###.##...<##
#.. #######†.#
## #†##
...S....*......
##.#.#..w##.##.
# #...# ##(w#
#...


You could see Gastronok (swift).

Vanquished Creatures
  2 boulder beetles (D:10)
  Erica (D:10)
  A hydra (Lair:1)
  2 two-headed ogres
  A deep elf pyromancer (D:10)
  Pikel (D:5)
  An ugly thing (D:10)
  An elephant (Lair:1)
  3 black mambas
  7 cane toads
  A tengu conjurer (D:10)
  A troll (D:10)
  A polar bear (Lair:1)
  Grinder (D:5)
  A hornet (D:10)
  A slime creature (D:10)
  A dream sheep (Lair:1)
  A centaur simulacrum (D:10)
  A wraith (D:10)
  2 wyverns
  15 yaks
  2 basilisks
  An acid dragon (D:10)
  8 water moccasins
  A hornet zombie (D:8)
  3 ice beasts
  2 orc warriors
  A black bear (D:6)
  4 sky beasts
  4 wolves (Lair:2)
  2 centaurs
  3 ogres
  A necrophage (D:6)
  A lemure (D:5)
  2 kobold brigands
  2 bullfrogs (Lair:1)
  3 scorpions
  A gnoll sergeant (D:7)
  A wyvern skeleton (D:7)
  A water moccasin skeleton (D:6)
  9 killer bees
  5 electric eels (D:6)
  4 howler monkeys
  2 centaur zombies (D:10)
  4 hounds
  3 orc priests (D:8)
  3 jellies
  2 iguanas (D:4)
  8 orc wizards
  Terence (D:3)
  A killer bee zombie (D:8)
  A howler monkey zombie (D:8)
  5 gnolls (D:7)
  A howler monkey skeleton (D:5)
  12 adders
  An adder skeleton (D:4)
  2 worms (D:3)
  5 dart slugs
  25 orcs
  3 bats
  6 endoplasms
  3 giant cockroaches (D:1)
  4 goblins
  8 hobgoblins
  2 jackals (D:1)
  6 quokkas
  12 ball pythons
  2 frilled lizards
  A jackal skeleton (D:4)
  11 kobolds
  6 rats
247 creatures vanquished.

Vanquished Creatures (others)
  56 fulminant prisms
  17 fungi
  51 plants
124 creatures vanquished.

Grand Total: 371 creatures vanquished

Notes
Turn   | Place    | Note
-------+----------+-------------------------------------------
     0 | D:1      | porpoise the Deep Elf Conjurer began the quest for the Orb.
     0 | D:1      | Reached XP level 1. HP: 10/10 MP: 6/6
   180 | D:1      | Reached XP level 2. HP: 15/15 MP: 2/8
   234 | D:1      | Learned a level 2 spell: Searing Ray
   331 | D:1      | Found a faded altar of an unknown god.
   332 | D:1      | Noticed a great orb of eyes
   361 | D:1      | Noticed a floating eye
   361 | D:1      | Noticed an eye of devastation
   361 | D:1      | Noticed a golden eye
   411 | D:1      | Reached skill level 4 in Spellcasting
   744 | D:1      | Reached skill level 5 in Conjurations
   744 | D:1      | Reached XP level 3. HP: 19/19 MP: 7/10
  2120 | D:3      | Reached XP level 4. HP: 24/24 MP: 9/12
  2208 | D:3      | Learned a level 4 spell: Fulminant Prism
  2213 | D:3      | Learned a level 4 spell: Iskenderun's Mystic Blast
  2471 | D:3      | Reached skill level 5 in Spellcasting
  2471 | D:3      | Reached skill level 1 in Hexes
  2822 | D:3      | Noticed Terence
  2826 | D:3      | Killed Terence
  2827 | D:3      | Reached XP level 5. HP: 28/28 MP: 9/15
  3257 | D:4      | Found a stormy altar of Qazlal.
  3489 | D:4      | Found Monaon's Overcharged Wands.
  3532 | D:4      | Noticed a water elemental
  3547 | D:4      | Noticed a fire elemental
  3550 | D:4      | Noticed an air elemental
  3721 | D:4      | Reached skill level 6 in Spellcasting
  3819 | D:4      | Noticed an ogre
  3825 | D:4      | Killed an ogre
  3826 | D:4      | Reached XP level 6. HP: 32/32 MP: 8/17
  4153 | D:4      | Reached skill level 7 in Spellcasting
  4165 | D:4      | Reached skill level 5 in Hexes
  4516 | D:4      | Reached skill level 1 in Translocations
  4836 | D:5      | Entered Level 5 of the Dungeon
  4836 | D:5      | Noticed Pikel
  4848 | D:5      | Reached XP level 7. HP: 36/36 MP: 16/19
  4853 | D:5      | Noticed a wyvern
  5240 | D:5      | Noticed Grinder
  5241 | D:5      | Killed Pikel
  5242 | D:5      | Reached skill level 5 in Translocations
  5242 | D:5      | Reached XP level 8. HP: 41/41 MP: 9/20
  5319 | D:5      | Reached skill level 1 in Fighting
  5405 | D:5      | Killed Grinder
  5779 | D:5      | Reached skill level 1 in Shields
  6185 | D:6      | Reached skill level 8 in Spellcasting
  6264 | D:6      | Reached XP level 9. HP: 28/50 MP: 11/23
  6780 | D:6      | Reached skill level 9 in Spellcasting
  7588 | D:6      | Found a staircase to the Ecumenical Temple.
  7598 | Temple   | Entered the Ecumenical Temple
  7854 | Temple   | Became a worshipper of Vehumet
  9152 | D:7      | Reached skill level 5 in Dodging
  9594 | D:8      | Reached * piety under Vehumet
  9594 | D:8      | Offered knowledge of Foxfire by Vehumet.
  9944 | D:8      | Found a staircase to the Lair.
  9977 | D:8      | Reached XP level 10. HP: 28/56 MP: 1/25
 10959 | D:9      | Reached skill level 10 in Spellcasting
 10963 | D:9      | Noticed a two-headed ogre
 10991 | D:9      | Killed a two-headed ogre
 10992 | D:9      | Reached skill level 11 in Spellcasting
 11395 | D:9      | Found Nelyome's Weapon Boutique.
 11747 | D:10     | Entered Level 10 of the Dungeon
 11747 | D:10     | Noticed a two-headed ogre
 11754 | D:10     | Killed a two-headed ogre
 11845 | D:10     | Noticed a purple ugly thing
 11856 | D:10     | Noticed a boulder beetle
 11857 | D:10     | Noticed a deep elf pyromancer
 11859 | D:10     | Noticed a boulder beetle
 11859 | D:10     | Killed a purple ugly thing
 11860 | D:10     | Reached skill level 12 in Spellcasting
 11860 | D:10     | Reached skill level 5 in Evocations
 11870 | D:10     | Reached XP level 11. HP: 44/60 MP: 9/29
 11879 | D:10     | Killed a boulder beetle
 11880 | D:10     | Reached skill level 5 in Stealth
 11891 | D:10     | Killed a deep elf pyromancer
 12040 | D:10     | Killed a boulder beetle
 12046 | D:10     | Noticed Erica
 12052 | D:10     | Killed Erica
 12052 | D:10     | Reached ** piety under Vehumet
 12052 | D:10     | Offered knowledge of Freeze by Vehumet.
 12614 | D:10     | Found a staircase to the Orcish Mines.
 13353 | Lair:1   | Entered Level 1 of the Lair of Beasts
 13795 | Lair:1   | Noticed a seven-headed hydra
 13804 | Lair:1   | Killed a seven-headed hydra
 13805 | Lair:1   | Reached skill level 5 in Fighting
 14160 | Lair:1   | Reached XP level 12. HP: 44/68 MP: 5/30
 14635 | Lair:1   | Reached skill level 13 in Spellcasting
 15329 | Lair:2   | Noticed Gastronok
 15359 | Lair:2   | Offered knowledge of Stone Arrow by Vehumet.
 15363 | Lair:2   | Killed from afar by Gastronok

Illustrated notes

Levels and vault maps discovered:
D:1:      psy_arrival_radial01, layout_basic,
          hellmonk_ecumenical_altar_watching_god
D:2:      layout_basic, minmay_misc_feat_rugged, dk_noncrumbling_2,
          kennysheep_generic_room_9
D:3:      layout_loops_corners, minmay_surrounded, uniq_terence
D:4:      layout_basic, nicolae_qazlal_style_of_elements, serial_bayou_pond_b,
          nicolae_shop_overcharged_wands
D:5:      layout_rooms, uniq_pikel, uniq_grinder
D:6:      layout_rooms, minmay_temple_entry_enclosed_plants,
          serial_bayou_pond_c, serial_bayou_lagoon_b
D:7:      layout_basic, serial_glass, glass_columns_a, glass_columns_a,
          grunt_decor_one_mirror, skrybe_limestone_x
D:8:      layout_basic, dpeg_oklobed_lair
D:9:      layout_big_octagon, serial_shops, shop
D:10:     minmay_the_grid_four_pointed_star_mashed
          [minmay_the_grid_triangle_9x9_swiss_cheese,
          minmay_the_grid_triangle_9x9_thin_v,
          minmay_the_grid_triangle_9x9_pentomino_pain,
          minmay_the_grid_triangle_9x9_corruption,
          minmay_the_grid_prize_four_corners], layout_long_grid,
          serial_park_tiny_2, uniq_erica
Temple:   nicolae_temple_the_god_donut
Lair:1:   layout_chaotic_city, minivault_26, minmay_shattered_shrine
Lair:2:   layout_loops_ring, uniq_gastronok

Skill      XL: |  1  2  3  4  5  6  7  8  9 10 11 12 |
---------------+-------------------------------------+-----
Spellcasting   | 4 5 6 7 8 9 12 13 | 13.6
Conjurations   | 5 7 9 |  9.0
Hexes          | 2 4 5 7 8 9 |  9.0
Translocations | 1 5 7 8 9 |  9.0
Fighting       | 3 5 |  5.0
Shields        | 2 4 |  4.0
Dodging        | 6 7 |  7.0
Evocations     | 5 |  5.0
Stealth        | 4 7 |  7.0

Action                   |  1- 3 |  4- 6 |  7- 9 | 10-12 || total
-------------------------+-------+-------+-------+-------++-------
Melee: Dagger            |       |       |    13 |       ||    13
       Hunting sling     |       |       |     3 |       ||     3
 Fire: Hunting sling     |       |    34 |    71 |    30 ||   135
Throw: Dart              |       |       |       |     3 ||     3
       Throwing net      |       |       |       |     1 ||     1
 Cast: Magic Dart        |    41 |    16 |     3 |       ||    60
       Searing Ray       |    17 |    36 |    59 |    49 ||   161
       Fulminant Prism   |       |       |    16 |    40 ||    56
       Iskenderun's Myst |       |       |    16 |    39 ||    55
  Use: Scroll            |       |     4 |     6 |     7 ||    17
       Potion            |       |       |       |     3 ||     3
Armor: Robe              |     2 |     3 |    14 |    35 ||    54
Dodge: Dodged            |     4 |    13 |    36 |    84 ||   137
Block: Buckler           |       |       |     9 |    28 ||    37

Table legend: (Time is in decaauts)
 A = Elapsed time spent in this place.
 B = Non-inter-level travel time spent in this place.
 C = Inter-level travel time spent in this place.
 D = Time resting spent in this place.
 E = Time spent auto-exploring this place.
 F = Levels seen in this place.
 G = Mean time per level.
                   A        B        C        D        E       F      G
               +--------+--------+--------+--------+--------+-----+--------+
         Total |  15409 |  14977 |    432 |   6784 |   5932 |  13 | 1185.3 |
       Dungeon |  13133 |  12765 |    368 |   5824 |   5100 |  10 | 1313.3 |
        Temple |    265 |    256 |      9 |      0 |    232 |   1 |  265.0 |
          Lair |   2010 |   1956 |     54 |    960 |    600 |   2 | 1005.0 |
               +--------+--------+--------+--------+--------+-----+--------+

Top non-repeatable levels by time:
     D:4: 2051 daAuts
  Lair:1: 1922 daAuts
     D:7: 1615 daAuts
    D:10: 1367 daAuts
     D:3: 1362 daAuts
     D:8: 1336 daAuts
     D:1: 1323 daAuts
     D:6: 1211 daAuts
     D:5: 1203 daAuts
     D:9: 1107 daAuts
     D:2: 554 daAuts
  Temple: 265 daAuts
  Lair:2: 88 daAuts
